 Dungeon Crawl Stone Soup version 0.31-a0-1405-g2bb1a01664 (webtiles) character file.

Game seed: 16001606280850651922

13374 browni3141 the Grappler (level 12, -8/98 HPs)
             Began as a Formicid Shapeshifter on Dec 26, 2023.
             Was a Follower of Ru.
             Killed from afar by a white imp (12 damage)
             ... with a puff of frost
             ... on level 2 of the Orcish Mines.
             The game lasted 00:24:37 (12610 turns).

browni3141 the Grappler (Formicid Shapeshifter)    Turns: 12610, Time: 00:24:37

Health: -8/98      AC:  7    Str: 30    XL:     12   Next: 31%
Magic:  0/12       EV: 11    Int: 10    God:    Ru [*.....]
Gold:   628        SH:  0    Dex: 13    Spells: 11/11 levels left

rFire   . .          .
                       - Unarmed
rCold   . . .        (shield currently unavailable)
rNeg    . . .        O - +3 scale mail {Will+}
rPois   .            (helmet unavailable)
rElec   .            (no cloak)
rCorr   .            (gloves currently unavailable)
SInv    +            (no boots)
Will    ++...        t - amulet of guardian spirit Stlth
                     v - +6 ring of strength
HPRegen 0.36/turn    z - +4 ring of protection
MPRegen 0.13/turn

%: guardian spirit
@: blade hands
A: permanent stasis, dig shafts and tunnels, antennae 3, no earth magic, no
hexes magic, no summoning magic, four strong arms
a: Dig, Shaft Self, Begin Untransformation, Renounce Religion, Sacrifice Health,
Sacrifice Forms, Sacrifice Courage, Reject Sacrifices


You were on level 2 of the Orcish Mines.
You worshipped Ru.
Ru was aware of your devotion.
You had blades for hands.
You visited 3 branches of the dungeon, and saw 14 of its levels.
You also visited: Bailey.

You collected 628 gold pieces.

Inventory:

Hand Weapons
 a - the +5 orcbow "Linum" {heavy, Str+2}
   (You found it on level 6 of the Dungeon)

   Str+2:     It affects your strength (+2).
 b - a +1 dagger of venom
 H - a +0 sling of freezing
Missiles
 i - 4 atropa-tipped darts
 F - a throwing net
Armour
 h - a +0 leather armour
 k - a +1 pair of gloves
 s - a +0 plate armour
 w - a +0 ring mail
 x - a +0 animal skin
 C - a +0 leather armour of poison resistance
 M - a +0 pair of gloves of stealth
 O - a +3 scale mail of willpower (worn)
Jewellery
 g - a ring of wizardry
 t - an amulet of guardian spirit (around neck)
 v - a +6 ring of strength (left blade hand)
 z - a +4 ring of protection (right blade hand)
 B - a +6 ring of strength
 K - a ring of positive energy
Talismans
 c - a beast talisman
 d - a flux talisman
 L - a blade talisman (active)
Wands
 n - a wand of roots (3)
 D - a wand of digging (8)
Scrolls
 f - a scroll of fog
 m - 4 scrolls of teleportation
 p - a scroll of enchant weapon
 q - 2 scrolls of amnesia
 u - 2 scrolls of enchant armour
 y - a scroll of brand weapon {unknown}
 A - a scroll of silence {unknown}
 G - 2 scrolls of immolation {unknown}
 R - a scroll of identify
 S - a scroll of revelation
 U - a scroll of noise {unknown}
Potions
 e - a potion of lignification
 j - 2 potions of heal wounds
 l - 3 potions of degeneration
 r - 2 potions of curing
 E - 4 potions of mutation {unknown}
 I - 2 potions of haste {unknown}
 J - a potion of ambrosia {unknown}
 N - 2 potions of brilliance {unknown}
 P - 3 potions of magic {unknown}
 Q - 4 potions of might {unknown}
 T - 2 potions of berserk rage {unknown}


   Skills:
 + Level 10.5 Fighting
 - Level 3.0 Armour
 - Level 1.7 Dodging
 - Level 1.0 Stealth
 * Level 13.6 Unarmed Combat
 - Level 10.0 Shapeshifting


You had 11 spell levels left.
You didn't know any spells.
Your spell library contained the following spells:

 Spells                   Type           Power      Damage    Failure   Level
 Kiss of Death            Conj/Necr      0%         2d5       61%         1
 Sublimation of Blood     Necr           0%         N/A       75%         2
 Fugue of the Fallen      Necr           0%         N/A       93%         3
 Dispel Undead            Necr           0%         3d6       100%        4
 Flame Wave               Conj/Fire      0%         2d4       100%        4
 Sticky Flame             Fire/Alch      0%         2d4       100%        4
 Arcjolt                  Conj/Air       0%         1d10      100%        5
 Irradiate                Conj/Alch      0%         3d11      100%        5
 Plasma Beam              Fire/Air       0%         2x1d10    100%        6
 Ignition                 Fire           0%         3d3       100%        8
 Maxwell's Capacitive Co  Air            0%         ∞         100%        8
 Call Imp                 Summ           Unusable   N/A       N/A         2
 Ensorcelled Hibernation  Hex/Ice        Unusable   N/A       N/A         2
 Passwall                 Alch/Erth      Unusable   N/A       N/A         2
 Confusing Touch          Hex            Unusable   N/A       N/A         3
 Inner Flame              Hex/Fire       Unusable   N/A       N/A         3
 Swiftness                Air            Unusable   N/A       N/A         3
 Anguish                  Hex/Necr       Unusable   N/A       N/A         4
 Vhi's Electric Charge    Tloc/Air       Unusable   N/A       N/A         4
 Summon Hydra             Summ           Unusable   N/A       N/A         7

Dungeon Overview and Level Annotations

Branches:
Dungeon (11/15)            Temple (1/1) D:6             Orc (2/2) D:9
 Bailey (visited)
   Lair: D:8-11         Elf: Orc:2

Altars:
Ashenzari
Cheibriados
Dithmenos
Elyvilon
Fedhas
Gozag
Hepliaklqana
Kikubaaqudgha
Makhleb
Nemelex Xobeh
Okawaru
Qazlal
Ru
Sif Muna
Trog
Uskayaw
Vehumet
Wu Jian
Xom
Yredelemnul
Zin
The Shining One

Shops:
D:9 ((=

Portals:
Ice
Cave: Orc:2

Annotations:
D:3 3 runed translucent doors, Wiilli's ghost, weakling SpAl
D:5 3 runed translucent doors, LeprechaunX's ghost, novice OpSh
D:8 2 transporters, ChaoticPyre's ghost, novice DsGl
D:9 2 transporters, WestoftheSun's ghost, journeyman GrFi


Innate Abilities, Weirdness & Mutations

You have blades for hands.
You are incapable of wielding weapons or throwing items.
You cannot be hasted, slowed, berserked, paralysed or teleported.
You can dig through walls and to a lower floor.
You have a pair of large antennae on your head. (SInv)
You cannot study or cast Earth magic.
You cannot study or cast Hexes magic.
You cannot study or cast Summoning magic.
Your four strong arms can wield two-handed weapons with a shield.


Message History

Cornered, the warg turns to fight!
Cornered, the orc turns to fight!
A white imp comes into view.
Unknown command. 3 white imps come into view.
Found a frozen archway.
The white imp shouts! x2
An orc comes into view. It is wielding a +0 dagger.
Cornered, the orc turns to fight!
The orc warrior howls in fear.
A white imp comes into view.
The white imp gestures at you. The puff of frost hits you!
* * * LOW HITPOINT WARNING * * *
2 white imps and 2 orcs come into view.
The white imp shouts, "Begone, thou cockered two-tin-hat clam!"
The orc shouts! x2
The orc warlord seems to regain its courage.
An orc warrior comes into view. It is wielding a +0 scimitar.
The orc warlord roars a battlecry!
The orcs go into a battle-frenzy!
The white imp moves out of view.
A kobold blastminer comes into view.
The kobold blastminer shouts!
The orc barely misses you. The orc attacks as it pursues you!
The orc misses you.
An orc priest comes into view. It is wielding a +0 whip.
The white imp gestures at you. The puff of frost hits you!
* * * LOW HITPOINT WARNING * * *
Found 27 gold pieces.
The kobold blastminer wields a +0 arbalest.
The kobold blastminer shoots a bolt.
The bolt misses you.
The bolt hits the orc warrior!
The orc warrior unwields a +0 scimitar.
The orc warrior wields a +0 arbalest.
The orc warrior shoots a bolt.
The bolt hits you!
* * * LOW HITPOINT WARNING * * *
Something shouts, "Back with thee, thou impertinent spur-galled bootlicker!"
The white imp gestures at you. The puff of frost hits you!
You die...

## # .#... ###. .#
#....# ... ...
#.....# .. ....
....... .#..... #.
..o..####....... .o.
#..o.#@...#.# ....
##.o.o....K...
....####...o5...##.#.
..o..#.#.oh.#....#
##.o......5##.......
#.........5.5#......
.......o...{..5......
#..#...o$..{55.....$.
#...#....#.......


You could see an orc warlord, a kobold blastminer, a warg, an orc warrior, 6
white imps and 4 orcs.

Vanquished Creatures
  Gastronok (D:8)
  Josephine (D:10)
  Nergalle (D:11)
  Amaemon (D:10)
  A cyclops (D:8)
  An unseen horror (D:10)
  An orange demon (D:10)
  A gargoyle (Bailey)
  A troll (Orc:1)
  2 hornets (D:9)
  A vampire (Bailey)
  A wyvern (D:10)
  8 wraiths
  9 yaks
  3 steam dragons
  Edmund (D:4)
  A water moccasin (D:6)
  6 orc warriors
  A black bear (D:4)
  6 ice beasts
  A sky beast (D:7)
  3 ogres
  6 centaurs
  A phantom (D:4)
  A kobold brigand (D:8)
  2 bullfrogs
  3 scorpions
  2 gnoll sergeants
  5 wights
  3 killer bees (D:7)
  9 vampire bats (Bailey)
  5 howler monkeys
  A crimson imp (D:9)
  3 wolf zombies (Bailey)
  A bombardier beetle (D:6)
  2 quasits (D:8)
  A jelly (D:3)
  7 orc priests
  2 sleepcaps
  An iguana (D:5)
  10 orc wizards
  2 gnoll boudas (D:5)
  Robin (D:2)
  16 gnolls (D:5)
  12 adders
  4 shadow imps (D:8)
  8 white imps (D:8)
  5 ufetubi (D:8)
  2 worms
  6 dart slugs
  40 orcs
  10 endoplasms
  2 giant cockroaches (D:2)
  17 goblins
  7 hobgoblins
  14 kobolds
  6 quokkas
  3 ball pythons
  6 bats
  4 frilled lizards
  18 orc zombies (Bailey)
  3 rats
303 creatures vanquished.

Vanquished Creatures (others)
  A two-headed ogre (D:9)
  A yak (D:10)
  A centaur (D:8)
3 creatures vanquished.

Grand Total: 306 creatures vanquished

Notes
Turn   | Place    | Note
-------+----------+-------------------------------------------
     0 | D:1      | browni3141 the Formicid Shapeshifter began the quest for
                  | the Orb.
     0 | D:1      | Reached XP level 1. HP: 15/15 MP: 1/1
    93 | D:1      | Reached skill level 1 in Stealth
   118 | D:1      | Reached XP level 2. HP: 14/21 MP: 2/2
   474 | D:1      | Reached XP level 3. HP: 23/26 MP: 3/3
  1080 | D:2      | Noticed Robin
  1110 | D:2      | Reached XP level 4. HP: 24/30 MP: 4/4
  1119 | D:2      | Killed Robin
  1929 | D:3      | Reached skill level 4 in Unarmed Combat
  1929 | D:3      | Reached XP level 5. HP: 11/38 MP: 5/5
  2092 | D:3      | Found a runed translucent gate.
  2094 | D:3      | Found a runed translucent gate.
  2094 | D:3      | Found a runed translucent gate.
  2096 | D:3      | Noticed Wiilli's ghost (weakling SpAl)
  2101 | D:3      | Identified the +9 hand axe of the Purple Skies {speed,
                  | *Corrode Str+9}
  2467 | D:3      | Reached XP level 6. HP: 25/46 MP: 2/6
  3049 | D:4      | Reached skill level 5 in Shapeshifting
  3119 | D:4      | Noticed a black bear
  3142 | D:4      | Killed a black bear
  3143 | D:4      | Reached skill level 5 in Unarmed Combat
  3249 | D:4      | Noticed Edmund
  3269 | D:4      | Killed Edmund
  3270 | D:4      | Reached XP level 7. HP: 10/52 MP: 1/7
  4136 | D:5      | Entered Level 5 of the Dungeon
  4255 | D:5      | Reached XP level 8. HP: 48/60 MP: 5/8
  4270 | D:5      | Reached skill level 6 in Unarmed Combat
  4817 | D:5      | Found a glowing silver altar of Zin.
  4909 | D:5      | Noticed LeprechaunX's ghost (novice OpSh)
  4918 | D:5      | Found a runed translucent gate.
  4918 | D:5      | Found a runed translucent gate.
  4920 | D:5      | Found a runed translucent gate.
  5272 | D:5      | Reached skill level 7 in Unarmed Combat
  5339 | D:5      | Reached skill level 5 in Fighting
  5488 | D:5      | Reached XP level 9. HP: 64/68 MP: 9/9
  5982 | D:6      | Reached skill level 8 in Unarmed Combat
  6319 | D:6      | Identified the +5 orcbow "Linum" {heavy, Str+2}
  6407 | D:6      | Reached skill level 9 in Unarmed Combat
  6660 | D:6      | Found a staircase to the Ecumenical Temple.
  6781 | Temple   | Entered the Ecumenical Temple
  6794 | Temple   | Became a worshipper of Ru the Awakened
  7792 | D:8      | Reached skill level 10 in Unarmed Combat
  7792 | D:8      | Reached XP level 10. HP: 77/79 MP: 10/10
  8055 | D:8      | Noticed a cyclops
  8231 | D:8      | Gained mutation: You cannot study or cast Earth magic. [Ru
                  | sacrifice]
  8231 | D:8      | Gained mutation: You cannot study or cast Hexes magic. [Ru
                  | sacrifice]
  8231 | D:8      | Gained mutation: You cannot study or cast Summoning magic.
                  | [Ru sacrifice]
  8231 | D:8      | Reached * piety under Ru
  8304 | D:8      | Noticed Gastronok
  8481 | D:9      | Noticed a two-headed ogre
  8492 | D:9      | Killed a two-headed ogre
  8493 | D:9      | Reached skill level 11 in Unarmed Combat
  8538 | D:9      | Found Wiklah's Weapon Shoppe.
  8598 | D:9      | Found a staircase to the Orcish Mines.
  8654 | D:9      | Found a flagged portal.
  8756 | Bailey   | Entered a bailey
  8877 | Bailey   | Reached skill level 1 in Armour
  8978 | Bailey   | Noticed a gargoyle
  8986 | Bailey   | Killed a gargoyle
  9115 | Bailey   | Reached XP level 11. HP: 87/87 MP: 11/11
  9274 | D:9      | Noticed a two-headed ogre
  9274 | D:9      | Noticed WestoftheSun's ghost (journeyman GrFi)
  9281 | D:9      | Found a transporter.
  9556 | D:9      | Found Deicky's Weapon Boutique.
  9572 | D:9      | Found a transporter.
  9609 | D:9      | Found a burning altar of Makhleb.
  9610 | D:9      | Found a shimmering altar of Xom.
  9628 | D:9      | Found Xenoiczuliq's Jewellery Emporium.
 10018 | D:9      | Found a staircase to the Orcish Mines.
 10020 | D:9      | Found Wiklah's Weapon Shoppe.
 10123 | D:9      | Found Xenoiczuliq's Jewellery Emporium.
 10197 | D:9      | Found a transporter.
 10229 | D:9      | Found a transporter.
 10251 | D:9      | Found Deicky's Weapon Boutique.
 10300 | D:9      | Found a shimmering altar of Xom.
 10301 | D:9      | Found a burning altar of Makhleb.
 10416 | D:8      | Killed a cyclops
 10417 | D:8      | Reached skill level 12 in Unarmed Combat
 10647 | D:8      | Killed Gastronok
 10899 | D:8      | Found a transporter.
 10913 | D:8      | Noticed ChaoticPyre's ghost (novice DsGl)
 10950 | D:8      | Found a transporter.
 10950 | D:8      | Identified the +0 dire flail of Untruth {flame, rN+ Int+3
                  | Dex-5}
 10950 | D:8      | Noticed a two-headed ogre
 11139 | D:10     | Entered Level 10 of the Dungeon
 11195 | D:10     | Identified the +1 leather armour of Space {rN+ Str+2 Dex-5}
 11217 | D:10     | Noticed Amaemon
 11245 | D:10     | Killed Amaemon
 11488 | D:10     | Noticed Josephine
 11504 | D:10     | Killed Josephine
 11510 | D:10     | Reached skill level 10 in Shapeshifting
 11707 | D:10     | Reached XP level 12. HP: 80/97 MP: 8/12
 11783 | D:10     | Reached skill level 13 in Unarmed Combat
 11993 | D:10     | Found an iron altar of Okawaru.
 11999 | D:10     | Reached skill level 10 in Fighting
 12303 | D:11     | Noticed a skeletal warrior
 12303 | D:11     | Found the +5 scythe "Finisher" {speed, execute}
 12304 | D:11     | Noticed Nergalle
 12311 | D:11     | Killed Nergalle
 12425 | Orc:1    | Entered Level 1 of the Orcish Mines
 12573 | Orc:1    | Noticed an orc high priest
 12601 | Orc:1    | HP: 2/98 [hellwing[an orc high priest] (8)]
 12602 | Orc:2    | Entered Level 2 of the Orcish Mines
 12602 | Orc:2    | Noticed an orc warlord
 12605 | Orc:2    | Found a frozen archway.
 12609 | Orc:2    | HP: 4/98 [orc warrior/bolt (8)]
 12610 | Orc:2    | Killed from afar by a white imp

Illustrated notes

Levels and vault maps discovered:
D:1:      psy_arrival_whirlpool, layout_basic
D:2:      layout_basic, uniq_robin
D:3:      layout_loops_ring, biasface_ghost_orc_armoury
D:4:      layout_loops_corners, serial_park_tiny_1, uniq_edmund
D:5:      layout_basic, mainiacjoe_overflow_alcove_2, gammafunk_ghost_split
D:6:      layout_rooms, minmay_temple_entry_poolview, kennysheep_generic_room_15
D:7:      layout_loops_ring
D:8:      layout_cave_pools, serial_demonic, serial_demonic_f, serial_demonic_a,
          serial_demonic_d, serial_demonic_a, serial_demonic_g,
          serial_demonic_a, gammafunk_ghost_smash, uniq_gastronok
D:9:      layout_cave_pools, grunt_temple_overflow_champion_of_chaos,
          orc_david_3, nzn_ghost_randoct, serial_shops,
          nicolae_shop_gaudy_bauble, shop, enter_bailey_5, minmay_circle_x
D:10:     cheibrodos_steamvent, layout_rooms, okawaru_trees_1, uniq_amaemon,
          uniq_josephine
D:11:     gammafunk_corrupted_shrine, layout_loops_ring,
          erik_lair_orcish_takeover, minmay_misc_feat_hallway,
          minmay_guarded_unrand_finisher, uniq_nergalle
Temple:   dpeg_three_leaves_temple
Orc:1:    layout_diamond_mine, nicolae_orc_stony_grotto, uniq_urug
Orc:2:    kennysheep_orc_mage_school, layout_diamond_mine,
          portal_ice_cave_entry_imps, nicolae_orc_damp_corner

Skill      XL: |  1  2  3  4  5  6  7  8  9 10 11 12 |
---------------+-------------------------------------+-----
Stealth        | 1 |  1.0
Shapeshifting  | 4 5 6 7 8 10 | 10.0
Fighting       | 2 3 5 7 8 9 10 | 10.5
Unarmed Combat | 4 5 7 10 11 12 13 | 13.6
Armour         | 2 3 |  3.0
Dodging        | |  1.7

Action                     |  1- 3 |  4- 6 |  7- 9 | 10-12 || total
---------------------------+-------+-------+-------+-------++-------
  Melee: Unarmed           |    11 |       |    15 |   259 ||   285
         Dagger            |    67 |   141 |   270 |    47 ||   525
         Punch             |     1 |     4 |    16 |    18 ||    39
         Orcbow            |       |       |     3 |       ||     3
   Fire: Sling             |       |       |    27 |       ||    27
         Orcbow            |       |       |    39 |   101 ||   140
 Invoke: Sacrifice Arcana  |       |       |       |     1 ||     1
Ability: Dig               |     1 |     1 |     1 |     8 ||    11
  Evoke: Wand              |       |     6 |       |    11 ||    17
    Use: Scroll            |       |       |     4 |     8 ||    12
         Potion            |       |       |       |     5 ||     5
   Stab: Sleeping          |     2 |     1 |       |       ||     3
         Distracted        |       |       |       |     1 ||     1
 Armour: Animal skin       |     9 |       |       |       ||     9
         Leather armour    |    16 |    91 |   176 |    61 ||   344
         Ring mail         |       |       |    72 |       ||    72
         Plate armour      |       |       |       |    73 ||    73
         Scale mail        |       |       |       |   189 ||   189
  Dodge: Dodged            |    38 |    74 |   185 |   188 ||   485
   Form: Blade             |       |       |       |     3 ||     3
                           |       |       |       |     1 ||     1
         Beast             |       |       |       |     1 ||     1

Table legend: (Time is in decaauts)
 A = Elapsed time spent in this place.
 B = Non-inter-level travel time spent in this place.
 C = Inter-level travel time spent in this place.
 D = Time resting spent in this place.
 E = Time spent auto-exploring this place.
 F = Levels seen in this place.
 G = Mean time per level.
                   A        B        C        D        E       F      G
               +--------+--------+--------+--------+--------+-----+--------+
         Total |  12725 |  12219 |    506 |    458 |   9068 |  15 |  848.3 |
       Dungeon |  11976 |  11482 |    494 |    458 |   8682 |  11 | 1088.7 |
        Temple |     26 |     14 |     12 |      0 |      0 |   1 |   26.0 |
  Orcish Mines |    179 |    179 |      0 |      0 |    125 |   2 |   89.5 |
        Bailey |    542 |    542 |      0 |      0 |    261 |   1 |  542.0 |
               +--------+--------+--------+--------+--------+-----+--------+

Top non-repeatable levels by time:
     D:9: 1730 daAuts
     D:5: 1476 daAuts
     D:4: 1370 daAuts
     D:8: 1159 daAuts
    D:10: 1153 daAuts
     D:6: 1112 daAuts
     D:3: 1040 daAuts
     D:1: 986 daAuts
     D:2: 928 daAuts
     D:7: 925 daAuts
  Bailey: 542 daAuts
   Orc:1: 172 daAuts
    D:11: 91 daAuts
  Temple: 26 daAuts
   Orc:2: 7 daAuts
